 Dungeon Crawl Stone Soup version 0.29.1-1-gd02db6906a (webtiles) character file.

Game seed: 393653439773583510

7358 Godmorgon the Devastator (level 11, -4/54 HPs)
             Began as a Tengu Conjurer on Oct 14, 2022.
             Was a Believer of Vehumet.
             Killed from afar by an electric eel (13 damage)
             ... with a bolt of electricity
             ... on level 9 of the Dungeon.
             The game lasted 00:53:33 (11865 turns).

Godmorgon the Devastator (Tengu Conjurer)          Turns: 11865, Time: 00:53:34

Health: -4/54      AC:  0    Str: 15    XL:     11   Next: 14%
Magic:  28/32      EV: 14    Int: 32    God:    Vehumet [**....]
Gold:   482        SH:  5    Dex: 12    Spells: 17/24 levels left

rFire   . . .      SeeInvis .   a - +7 flail "Zaluyrph" {flame, Contam Will+ Str+6 Int+4}
rCold   . . .      Faith    .   L - orb {light}
rNeg    . . .      Spirit   .   (no body armour)
rPois   .          Reflect  +   (helmet restricted)
rElec   .          Harm     .   (no cloak)
rCorr   .          Rampage  .   (no gloves)
Will    +....                   (boots unavailable)
Stlth   +.........              N - amulet of reflection
HPRegen 0.18/turn               c - +6 ring of intelligence
MPRegen 0.23/turn               f - ring of magical power

@: flying quickly and evasively, glowing, studying Unarmed Combat, quick
A: beak, talons 3, nimble flight
a: Renounce Religion


You were on level 9 of the Dungeon.
You worshipped Vehumet.
Vehumet was pleased with you.
You visited 2 branches of the dungeon, and saw 10 of its levels.
You also visited: Sewer.

You collected 482 gold pieces.

Inventory:

Hand Weapons
 a - the +7 flail "Zaluyrph" (weapon) {flame, Contam Will+ Str+6 Int+4}
   (You found it on level 7 of the Dungeon)

   It burns those it strikes, dealing additional fire damage.
   Str:       It affects your strength (+6).
   Int:       It affects your intelligence (+4).
   Contam:    It causes magical contamination when unequipped.
   Will:      It increases your willpower.
 I - the +3 woodcutter's axe {vorpal}
   (You found it on level 4 of the Dungeon)

   It inflicts extra damage upon your enemies.
Missiles
 e - a throwing net
 h - 10 boomerangs
 p - 16 poisoned darts
Armour
 y - a +0 leather armour of fire resistance
 D - +0 steam dragon scales
 F - the +1 robe of the Apprentice {rElec}
   (You found it on level 7 of the Dungeon)

   rElec:     It insulates you from electricity.
 L - an orb of light (worn)
 R - a +0 cloak
Magical Staves
 g - a staff of earth
Jewellery
 c - a +6 ring of intelligence (left hand)
 f - a ring of magical power (right hand)
 i - a ring of protection from fire
 n - a +6 ring of strength
 N - an amulet of reflection (around neck)
 P - a ring of ice
Wands
 d - a wand of flame (15)
 Q - a wand of digging (5)
Scrolls
 j - 3 scrolls of teleportation
 m - 4 scrolls of fog
 o - a scroll of enchant armour {unknown}
 r - 2 scrolls of fear
 s - a scroll of enchant weapon {unknown}
 t - 2 scrolls of amnesia
 v - a scroll of immolation {unknown}
 w - 2 scrolls of blinking
 x - a scroll of summoning {unknown}
 E - a scroll of poison {unknown}
 J - a scroll of brand weapon {unknown}
 O - 3 scrolls of identify
Potions
 b - 2 potions of magic
 k - a potion of resistance {unknown}
 l - 2 potions of berserk rage
 q - 4 potions of lignification
 u - a potion of curing
 z - a potion of invisibility
 A - a potion of flight {unknown}
 B - 2 potions of attraction {unknown}
 C - 2 potions of brilliance
 G - 3 potions of mutation {unknown}
 K - 2 potions of haste
 M - a potion of heal wounds {unknown}


   Skills:
 - Level 5.0 Short Blades
 - Level 6.0 Maces & Flails
 - Level 2.1 Dodging
 - Level 2.0 Stealth
 + Level 7.4 Spellcasting
 * Level 15.2 Conjurations
 - Level 5.0 Earth Magic


You had 17 spell levels left.
You knew the following spells:

 Your Spells              Type           Power      Damage    Failure   Level
a - Stone Arrow           Conj/Erth      100%       3d13      1%          3
d - Magic Dart            Conj           100%       1d8       0%          1
f - Foxfire               Conj/Fire      100%       2x1d9     1%          1
s - Searing Ray           Conj           100%       2d8       0%          2

Your spell library contained the following spells:

 Spells                   Type           Power      Damage    Failure   Level
 Static Discharge         Conj/Air       57%        3-11/arc  1%          2
 Sandblast                Erth           86%        2d18      1%          1
 Dazzling Flash           Conj/Hex       100%       N/A       1%          3
 Fulminant Prism          Conj/Hex       28%        3d14      1%          4
 Iskenderun's Mystic Bla  Conj/Tloc      57%        2d12      1%          4
 Passwall                 Tmut/Erth      22%        N/A       2%          2
 Portal Projectile        Hex/Tloc       22%        N/A       12%         3
 Tukima's Dance           Hex            11%        N/A       12%         3
 Blade Hands              Tmut           5%         N/A       73%         5


Dungeon Overview and Level Annotations

Branches:
Dungeon (9/15)             Temple (1/1) D:7           Sewer (visited)
   Lair: D:8-11         Orc: D:9-12

Altars:
Ashenzari
Cheibriados
Dithmenos
Elyvilon
Fedhas
Gozag
Hepliaklqana
Kikubaaqudgha
Makhleb
Nemelex Xobeh
Okawaru
Qazlal
Ru
Sif Muna
Trog
Uskayaw
Vehumet
Wu Jian
Xom
Yredelemnul
Zin
The Shining One

Annotations:
D:7 digging: $51


Innate Abilities, Weirdness & Mutations

You have a beak for a mouth.
You have claws for feet.
Your magical nature lets you fly swiftly and evasively.


Message History

You kill the killer bee!
Vehumet accepts your kill.
You feel your power returning.
There is a stone staircase leading up here.
You fly upwards.
A deep elf pyromancer comes into view. It is wielding a +0 dagger.
There is a stone staircase leading down here.
The deep elf pyromancer shouts!
You fly downwards.
There is a stone staircase leading up here.
You start resting.
A two-headed ogre is nearby!
You start resting.
A two-headed ogre is nearby!
Okay, then.
As you read the scroll of teleportation, it crumbles to dust.
You feel strangely unstable.
Casting: Searing Ray (safe; 0% risk of failure)
Confirm with . or Enter, or press ? or * to list all spells.
You can't see any susceptible monsters within range! (Use Z to cast anyway.) Unknown command.
Throw: dart (curare)
Press: ? - help, Shift-Dir - straight line, f - two-headed ogre
Aim: a two-headed ogre, wielding a +0 giant club and a +0 giant spiked club (72% to hit)
You throw a curare-tipped dart.
The curare-tipped dart hits the two-headed ogre.
The two-headed ogre is poisoned.
The two-headed ogre convulses.
The two-headed ogre seems to slow down.
The two-headed ogre is lightly wounded.
Casting: Searing Ray (safe; 0% risk of failure)
Confirm with . or Enter, or press ? or * to list all spells.
Okay, then.
Your surroundings suddenly seem different.
A freezing wraith and an electric eel come into view.
Found 24 gold pieces and 5 stones.
The electric eel shoots out a bolt of lightning at you!
The bolt of electricity hits you!
* * * LOW HITPOINT WARNING * * *
The bolt of electricity hits you!
You die...

...... .....
..... ....
.÷.. #######
#÷.#
##≈≈≈≈≈≈≈ #.#
##≈≈≈≈≈≈≈≈
##:##
#≈@≈≈≈≈≈≈≈
#....
#≈≈≈≈≈≈≈≈≈≈
####.
#≈≈≈≈≈≈≈≈≈≈≈
#.
#≈≈≈≈≈≈≈≈≈≈≈≈
#.
#≈≈≈≈≈≈≈W≈≈≈≈
#.
#≈≈≈≈≈≈S#..#≈
##.
#≈≈≈≈≈≈≈$##..
+..
#≈≈≈≈≈≈≈(##..
+.. ##.


You could see a freezing wraith and an electric eel.

Vanquished Creatures
  A two-headed ogre (D:8)
  A centaur warrior (D:8)
  A gargoyle (D:7)
  Maggie (D:7)
  12 yaks (D:9)
  Sigmund (D:6)
  Eustachio (D:5)
  Menkaure (D:4)
  Duvessa (D:7)
  2 orc warriors
  3 ice beasts
  2 sky beasts
  3 black bears (D:9)
  An ogre (D:5)
  A kobold brigand (D:8)
  A phantom (D:5)
  A gnoll sergeant (D:4)
  4 bullfrogs
  2 scorpions
  Dowan (D:7)
  5 killer bees (D:9)
  2 jellies
  6 hounds
  7 orc priests
  2 gnoll boudas
  4 iguanas
  Terence (D:3)
  14 orc wizards
  15 adders
  21 gnolls
  A river rat (D:4)
  A shadow imp (D:5)
  2 white imps
  A worm (D:2)
  11 dart slugs
  35 orcs
  16 ball pythons
  6 bats
  18 endoplasms
  11 giant cockroaches
  7 goblins
  8 hobgoblins
  6 jackals
  13 quokkas
  11 frilled lizards
  13 kobolds
  18 rats
296 creatures vanquished.

Vanquished Creatures (others)
  2 howler monkeys (D:5)
  6 foxfires (D:9)
  18 fungi (D:9)
  16 plants
42 creatures vanquished.

Grand Total: 338 creatures vanquished

Notes
Turn   | Place    | Note
-------+----------+-------------------------------------------
     0 | D:1      | Godmorgon the Tengu Conjurer began the quest for the Orb.
     0 | D:1      | Reached XP level 1. HP: 10/10 MP: 4/4
   169 | D:1      | Reached XP level 2. HP: 15/15 MP: 1/6
   172 | D:1      | Learned a level 2 spell: Searing Ray
   604 | D:1      | Reached skill level 6 in Conjurations
  1028 | D:2      | Reached XP level 3. HP: 19/19 MP: 7/7
  1554 | D:2      | Reached skill level 7 in Conjurations
  1554 | D:2      | Reached XP level 4. HP: 13/24 MP: 9/9
  1770 | D:2      | Learned a level 3 spell: Stone Arrow
  1999 | D:2      | Gained mutation: Your magical nature lets you fly swiftly
                  | and evasively. [Tengu growth]
  1999 | D:2      | Reached XP level 5. HP: 28/28 MP: 10/10
  2481 | D:3      | Noticed Terence
  2614 | D:3      | Found an iron altar of Okawaru.
  2709 | D:3      | Reached skill level 8 in Conjurations
  2709 | D:3      | Reached skill level 1 in Earth Magic
  2709 | D:3      | Reached XP level 6. HP: 24/32 MP: 4/12
  2822 | D:3      | Found a faded altar of an unknown god.
  3039 | D:4      | Noticed Menkaure
  3055 | D:4      | Killed Menkaure
  3088 | D:4      | Reached XP level 7. HP: 21/36 MP: 11/13
  3252 | D:4      | Found a glowing drain.
  3256 | Sewer    | Entered a sewer
  3363 | Sewer    | Reached skill level 9 in Conjurations
  3972 | Sewer    | Reached skill level 1 in Short Blades
  4773 | D:4      | Reached XP level 8. HP: 31/41 MP: 12/15
  4861 | D:4      | Found the +3 woodcutter's axe {vorpal}
  4873 | D:4      | Reached skill level 10 in Conjurations
  5281 | D:5      | Entered Level 5 of the Dungeon
  5305 | D:5      | Noticed Eustachio
  5317 | D:5      | Killed Eustachio
  5520 | D:5      | Found a snail-covered altar of Cheibriados.
  6006 | D:5      | Reached skill level 5 in Spellcasting
  6006 | D:5      | Reached skill level 11 in Conjurations
  6611 | D:6      | Found an ancient bone altar of Kikubaaqudgha.
  6714 | D:6      | Reached XP level 9. HP: 45/45 MP: 17/17
  7216 | D:6      | Noticed Sigmund
  7219 | D:6      | Killed Sigmund
  7613 | D:7      | Reached skill level 12 in Conjurations
  7982 | D:7      | Noticed Maggie
  7984 | D:7      | Found a staircase to the Ecumenical Temple.
  7987 | D:7      | Killed Maggie
  7988 | D:7      | Reached skill level 5 in Short Blades
  8001 | Temple   | Entered the Ecumenical Temple
  8168 | Temple   | Became a worshipper of Vehumet
  8299 | D:7      | Noticed a gargoyle
  8304 | D:8      | Noticed a two-headed ogre
  8310 | D:8      | Killed a two-headed ogre
  8311 | D:8      | Reached skill level 13 in Conjurations
  8311 | D:8      | Reached XP level 10. HP: 50/50 MP: 17/20
  8466 | D:7      | Identified the +1 robe of the Apprentice {rElec}
  8806 | D:7      | Identified the +7 flail "Zaluyrph" {flame, Contam Will+
                  | Str+6 Int+4}
  8904 | D:7      | Reached skill level 1 in Maces & Flails
  8971 | D:7      | Noticed Dowan
  8973 | D:7      | Noticed Duvessa
  8974 | D:7      | Killed Dowan
  8977 | D:7      | Killed Duvessa
  9464 | D:7      | Killed a gargoyle
  9680 | D:3      | Killed Terence
 10242 | D:8      | Reached * piety under Vehumet
 10242 | D:8      | Offered knowledge of Shock by Vehumet.
 10362 | D:8      | Noticed a centaur warrior
 10374 | D:8      | Killed a centaur warrior
 10592 | D:8      | Reached skill level 14 in Conjurations
 10943 | D:8      | Found a shimmering blue altar of Sif Muna.
 10959 | D:8      | Got Sif Muna's Secrets of Concussion and Heat
 11037 | D:9      | Learned a level 1 spell: Foxfire
 11117 | D:9      | Reached skill level 5 in Earth Magic
 11436 | D:9      | Noticed a two-headed ogre
 11438 | D:9      | Reached skill level 5 in Maces & Flails
 11445 | D:9      | Reached XP level 11. HP: 19/54 MP: 14/22
 11740 | D:9      | Reached skill level 15 in Conjurations
 11759 | D:9      | Offered knowledge of Static Discharge by Vehumet.
 11778 | D:9      | Reached ** piety under Vehumet
 11799 | D:8      | Noticed a deep elf pyromancer
 11865 | D:9      | Killed from afar by an electric eel

Illustrated notes

Levels and vault maps discovered:
D:1:      dpeg_arrival_rooms_b, layout_rooms, serial_forest,
          infiniplex_forest_lined_2, infiniplex_forest_lined_room_,
          infiniplex_forest_clump_diagonal, infiniplex_forest_lined_3,
          infiniplex_forest_clump_double, infiniplex_forest_lined_1,
          infiniplex_forest_end_1
D:2:      minmay_recursive_quarters, layout_rooms, minmay_rat_gold_closets
D:3:      layout_rooms, mainiacjoe_overflow_concentric_impassable,
          ebering_ecumenical_altar_ruins, uniq_terence
D:4:      layout_rooms, gup_sewer_entry_spiral, pf_guarded_unrand_woodcutter,
          uniq_menkaure
D:5:      layout_cave_pools, kennysheep_slug_shrine, lemuel_flamethrower_2,
          uniq_eustachio
D:6:      layout_loops_ring, lemuel_doored_altar, uniq_sigmund
D:7:      cheibrodos_quashed, layout_layer_cave,
          minmay_temple_entry_statues_fountains, uniq_maggie, uniq_duvessa
D:8:      layout_gridville, led_sif_book, minmay_manual_monstrance
D:9:      kennysheep_big_flooded_room, layout_small_grid,
          grunt_lair_entry_orc_guard_hut
Temple:   regret_index_temple_mists

Skill      XL: |  1  2  3  4  5  6  7  8  9 10 11 |
---------------+----------------------------------+-----
Conjurations   | 6 7 8 9 11 13 14 15 | 15.2
Spellcasting   | 3 4 5 6 7 |  7.4
Earth Magic    | 1 2 3 4 5 |  5.0
Short Blades   | 2 4 5 |  5.0
Maces & Flails | 5 6 |  6.0
Dodging        | |  2.1
Stealth        | |  2.0

Action                   |  1- 3 |  4- 6 |  7- 9 | 10-12 || total
-------------------------+-------+-------+-------+-------++-------
Melee: Dagger            |       |    10 |     1 |       ||    11
       Peck              |       |     2 |     1 |       ||     3
       Kick              |       |     2 |     1 |     2 ||     5
       Punch             |       |     1 |       |     1 ||     2
       Battleaxe         |       |       |    12 |       ||    12
       Flail             |       |       |       |     7 ||     7
Throw: Dart              |       |       |       |     1 ||     1
 Cast: Magic Dart        |    14 |     3 |     9 |     2 ||    28
       Searing Ray       |    31 |    43 |    40 |    17 ||   131
       Stone Arrow       |       |       |   103 |    58 ||   161
       Foxfire           |       |       |       |     4 ||     4
Evoke: Wand              |       |       |     1 |       ||     1
  Use: Scroll            |       |       |     9 |     3 ||    12
       Potion            |       |       |       |     1 ||     1
 Stab: Sleeping          |       |     1 |       |       ||     1
Armor: Robe              |       |     5 |     3 |     3 ||    11
       Leather armour    |       |       |     2 |     1 ||     3
Dodge: Dodged            |     8 |    24 |    47 |    32 ||   111
Block: Orb               |       |       |       |    13 ||    13
       Reflection        |       |       |       |     3 ||     3
